Map: Efflorescence LE

Players

Massa - Winner!

  • Race: Terran Terran
  • League: Platinum
  • Spawn Location: 6:00

qqq - Winner!

  • Race: Zerg Zerg
  • League: Platinum
  • Spawn Location: 9:00

LottsPotts

  • Race: Terran Terran
  • League: Diamond
  • Spawn Location: 3:00

Kyasanur

  • Race: Zerg Zerg
  • Spawn Location: 12:00

VOD

Have the link to the VOD?

Description

Time

  • Played on: Jan. 15, 2021, 2:50 p.m.
  • Length: 9:53
Show
View Real Time Build Order
Export as new Build Order

Massa Terran - Winner!

Build Orders:  

Get SALT Encoding   

  12  0:01  SCV  
  13  0:14  SCV  
  14  0:18  Supply Depot  
  14  0:26  SCV  
  15  0:40  SCV  
  15  0:41  Barracks  
  16  0:51  Supply Depot  
  16  0:53  SCV  
  17  0:59  Refinery  
  17  1:05  SCV  
  18  1:13  Barracks  
  18  1:17  SCV  
  19  1:29  SCV  
  20  1:35  Barracks  
  20  1:36  Marine  
  21  1:41  SCV  
  22  1:53  SCV  
  23  1:55  Barracks Tech Lab  
  23  2:01  Reaper  
  24  2:05  Orbital Command  
  24  2:11  Supply Depot  
  24  2:14  Marine  
  25  2:25  Marine  
  26  2:32  Marine  
  26  2:40  Marine  
  26  2:43  Marine  
  28  2:49  Supply Depot  
  28  2:50  Marauder  
  30  2:58  Marine  
  31  3:07  Marine  
  31  3:09  Stimpack  
  31  3:11  Marauder  
  34  3:15  Marine  
  34  3:18  Supply Depot  
  35  3:24  Marine  
  36  3:33  Marauder, Marine  
  39  3:42  Marine  
  39  3:44  Supply Depot  
  40  3:51  Marine  
  40  3:54  Marauder  
  43  3:58  Factory  
  43  4:00  Marine  
  44  4:09  Marine  
  44  4:16  Marauder  
  46  4:18  Marine  
  47  4:27  Marine  
  48  4:36  Marine  
  48  4:37  Marauder  
  50  4:44  Marine  
  45  4:53  Marine  
  45  4:58  Marauder  
  44  5:02  Marine  
  43  5:11  Marine  
  39  5:20  Marauder, Marine  
  38  5:29  Marine  
  37  5:38  Marine  
  37  5:41  Marauder  
  35  5:47  Marine  
  36  5:52  Factory Tech Lab, Engineering Bay  
  36  5:56  Marine, Command Center  
  36  5:59  Starport  
  36  6:03  Marauder  
  38  6:05  Marine, Concussive Shells  
  39  6:14  Marine  
  40  6:20  Refinery  
  40  6:22  Marine, Missile Turret  
  40  6:24  Marauder  
  40  6:25  Missile Turret  
  34  6:41  Marine x2  
  34  6:45  Marauder  
  38  6:47  Cyclone  
  41  7:07  Marauder  
  43  7:12  Missile Turret  
  43  7:19  Cyclone  
  45  7:33  Viking  
  47  7:44  Marauder, Marine x2  
  47  7:51  SCV  
  48  8:02  Marine x2  
  50  8:06  Marauder  
  52  8:18  Orbital Command  
  52  8:21  Refinery  
  52  8:23  Refinery  
  50  8:38  Medivac  
  52  8:42  Marine  
  52  8:43  Marine x2  
  55  8:53  SCV x2  
  57  9:00  Marine x2  
  59  9:05  SCV x2  
  61  9:17  SCV x2  
  40  9:51  Command Center  
Show
View Real Time Build Order
Export as new Build Order

qqq Zerg - Winner!

Build Orders: Hatch First 

Get SALT Encoding   

  12  0:00  Drone  
  13  0:10  Drone  
  14  0:18  Overlord  
  14  0:45  Hatchery  
  14  0:49  Drone  
  14  0:52  Drone  
  15  0:57  Drone  
  16  1:18  Spawning Pool  
  15  1:24  Drone x2  
  17  1:27  Extractor  
  16  1:37  Drone x2  
  18  1:48  Overlord  
  18  2:01  Drone  
  18  2:02  Drone  
  18  2:05  Queen  
  22  2:11  Queen  
  24  2:17  Drone  
  24  2:20  Drone  
  26  2:23  Drone  
  26  2:27  Drone  
  28  2:34  Metabolic Boost  
  28  2:40  Overlord  
  28  2:42  Zergling x2  
  29  2:47  Drone  
  29  2:48  Zergling x2  
  31  2:56  Zergling x2  
  32  3:00  Zergling x2  
  32  3:03  Zergling x2  
  35  3:05  Zergling x2  
  35  3:10  Baneling Nest  
  35  3:12  Zergling x2  
  35  3:17  Zergling x6  
  35  3:18  Zergling x2  
  39  3:25  Zergling x2  
  40  3:31  Lair  
  39  3:36  Zergling x2  
  39  3:37  Zergling x2  
  41  3:41  Zergling x2  
  41  3:44  Zergling x2  
  43  3:49  Zergling x2  
  44  3:57  Baneling x3  
  44  4:03  Overlord  
  44  4:04  Overlord x2  
  45  4:24  Zergling x6  
  45  4:25  Drone x2  
  45  4:26  Drone  
  42  5:00  Zergling x6  
  42  5:02  Zergling x6  
  43  5:15  Zergling x2  
  43  5:16  Zergling x2  
  41  5:34  Spire  
  41  5:35  Drone x2, Spore Crawler  
  39  5:52  Zergling x8  
  39  5:53  Hatchery, Zergling x2  
  39  5:54  Zergling x6  
  45  5:58  Overseer  
  45  6:03  Hatchery  
  38  6:17  Zergling x2  
  38  6:18  Zergling x6  
  41  6:19  Drone x2  
  42  6:26  Extractor  
  42  6:29  Extractor  
  42  6:30  Extractor  
  42  6:31  Spore Crawler  
  38  6:36  Spore Crawler  
  31  6:54  Corruptor x2  
  31  6:57  Drone x4  
  37  7:09  Mutalisk  
  37  7:10  Drone  
  37  7:11  Drone x3  
  37  7:12  Drone  
  44  7:17  Drone  
  45  7:23  Mutalisk  
  47  7:31  Mutalisk  
  47  7:33  Drone  
  46  7:44  Mutalisk  
  46  7:45  Mutalisk  
  46  7:47  Zergling x2  
  51  7:57  Mutalisk  
  53  7:59  Drone x2  
  53  8:03  Drone  
  56  8:08  Drone x2  
  57  8:34  Mutalisk  
  57  8:35  Mutalisk x3  
  57  8:36  Drone x2  
  57  8:37  Drone x3  
  70  8:41  Mutalisk  
  70  8:45  Overlord  
  72  8:48  Overlord  
  72  8:55  Spine Crawler  
  65  9:12  Mutalisk x2  
  69  9:17  Overseer x2  
  69  9:21  Zergling x6  
  69  9:22  Drone x4  
Show
View Real Time Build Order
Export as new Build Order

LottsPotts Terran 

Build Orders: Hellion Banshee 

Get SALT Encoding   

  12  0:00  SCV  
  13  0:12  SCV  
  14  0:18  Supply Depot  
  14  0:24  SCV  
  15  0:40  SCV  
  15  0:42  Refinery  
  16  0:45  Barracks  
  16  0:52  SCV  
  17  1:05  SCV  
  18  1:17  SCV  
  19  1:29  SCV  
  20  1:33  Reaper  
  21  1:41  Orbital Command  
  21  1:47  Command Center  
  21  2:04  Marine  
  22  2:12  SCV  
  22  2:13  Factory  
  22  2:15  Refinery  
  23  2:20  Supply Depot  
  23  2:39  Barracks Reactor  
  23  2:41  SCV  
  24  2:53  SCV  
  25  3:01  Factory Tech Lab  
  25  3:03  Starport  
  25  3:04  Orbital Command  
  25  3:05  SCV  
  26  3:14  Supply Depot  
  26  3:17  SCV  
  27  3:27  Hellion x2  
  31  3:36  SCV x2  
  31  3:39  Barracks Tech Lab  
  33  3:48  SCV x2  
  33  3:50  Fusion Core  
  35  3:58  Hellion x2, Supply Depot  
  35  4:00  SCV x2  
  39  4:19  Banshee  
  39  4:21  Supply Depot  
  39  4:24  SCV x2  
  44  4:28  Marauder  
  46  4:32  Hellion x2  
  46  4:53  Hellion  
  38  5:11  Marauder  
  40  5:23  Battlecruiser  
  46  5:31  SCV  
  44  5:36  Supply Depot  
  42  5:53  SCV x2  
  42  5:54  Hellion  
  37  5:57  Hellion  
  38  6:05  SCV x2  
  38  6:08  Factory  
  39  6:15  Hellion  
  39  6:17  SCV  
  39  6:18  SCV  
  43  6:19  Hellion  
  44  6:29  SCV  
  44  6:30  SCV  
  46  6:46  Supply Depot  
  46  6:49  SCV x2  
  46  6:52  Hellion  
  46  7:04  Weapon Refit  
  46  7:07  SCV x2  
  46  7:08  Hellion  
  50  7:13  Hellion  
  52  7:29  Hellion  
  54  7:40  Supply Depot  
  54  7:44  Hellion  
  50  7:47  Engineering Bay  
  50  7:50  Hellion, Factory  
  53  7:58  SCV x2  
  53  8:01  Battlecruiser  
  53  8:04  Supply Depot  
  53  8:05  Widow Mine  
  62  8:15  Missile Turret  
  62  8:19  Missile Turret  
  62  8:25  Widow Mine, SCV  
  55  8:34  Widow Mine  
  55  8:40  Missile Turret  
  55  8:44  Factory Tech Lab  
  55  8:46  Widow Mine, Hellion  
  59  8:54  Armory  
  61  8:56  Widow Mine  
  60  9:08  Widow Mine  
Show
View Real Time Build Order
Export as new Build Order

Kyasanur Zerg 

Build Orders: Hatch First 

Get SALT Encoding   

  12  0:01  Drone  
  13  0:13  Overlord  
  13  0:18  Drone  
  14  0:31  Drone x2  
  16  0:36  Drone  
  17  0:55  Hatchery  
  16  0:59  Drone  
  16  1:02  Drone  
  18  1:06  Extractor  
  17  1:19  Spawning Pool  
  17  1:21  Drone  
  17  1:24  Drone  
  18  1:30  Drone  
  19  1:40  Overlord  
  19  1:55  Drone  
  20  2:05  Queen  
  20  2:06  Zergling x2  
  20  2:07  Queen  
  20  2:08  Drone  
  26  2:12  Zergling x2  
  27  2:15  Metabolic Boost  
  27  2:23  Zergling x2  
  27  2:26  Overlord  
  28  2:36  Zergling x2  
  29  2:43  Roach Warren  
  28  2:48  Queen  
  30  2:53  Drone  
  30  2:54  Drone x2  
  33  3:18  Drone, Lair  
  33  3:19  Drone x4  
  38  3:23  Extractor  
  38  3:25  Overlord  
  37  3:30  Drone x2  
  39  3:39  Roach  
  39  3:40  Roach  
  43  3:43  Overlord  
  43  3:52  Drone x2  
  43  3:53  Drone x2, Extractor  
  46  3:56  Extractor  
  45  4:04  Evolution Chamber  
  44  4:10  Zergling x2  
  44  4:11  Zergling x4  
  44  4:15  Glial Reconstitution  
  45  4:26  Queen  
  39  4:46  Zergling x2  
  39  4:47  Zergling x4  
  39  4:48  Zergling x6  
  39  4:49  Zergling x8  
  20  5:11  Drone x2  
  20  5:12  Drone x3  
  20  5:13  Drone  
  22  5:27  Zergling x2  
  20  5:28  Zergling x2  
  20  5:35  Zerg Missile Weapons Level 1  
  20  5:38  Roach  
  22  5:44  Drone  
  22  5:45  Drone  
  24  6:03  Zergling x4  
  25  6:04  Zergling x4  
  23  6:35  Zergling x6  
  24  6:41  Zergling x12  
  25  7:01  Drone x4  
  24  7:05  Drone x2  
  29  7:20  Drone  
  29  7:21  Drone  
  31  7:23  Drone  
Tags
 
Add a new tag
Caveats
  • Supply blocks, unpowered buildings, or Contaminate may cause inaccurate times.
  • Supply counts are checked every 10 seconds.